[Event "Titled Tuesday Blitz June 14 Late 2022"]
[White "Prydun, Andriy"]
[Black "Kostiukov, Alexandr"]
[WhiteFideId "14145898"]
[BlackFideId "14108100"]
[WhiteElo "2063"]
[BlackElo "2202"]
[Result "1-0"]
[Round "10"]
[TimeControl "180+1"]
[Date "2022.06.15"]
[WhiteClock "0:00:06"]
[BlackClock "0:00:22"]

1. d4 g6 2. e4 c5 3. d5 Bg7 4. c3 d6 5. Bd3 Nf6 6. Nf3 O-O 7. O-O e6 8. c4 exd5 9. exd5 Bg4 10. Nc3 Nfd7 11. h3 Bxf3 12. Qxf3 Ne5 13. Qg3 Nbd7 14. Be2 f5 15. Re1 Re8 16. Bg5 Bf6 17. Bf4 Bh4 18. Qh2 Qb6 19. b3 Re7 20. g3 Bf6 21. Bd2 Rae8 22. Kf1 a6 23. Rac1 Qc7 24. f4 Nf7 25. g4 fxg4 26. hxg4 g5 27. Bd3 h6 28. Ne4 Bg7 29. fxg5 hxg5 30. Bxg5 Rxe4 31. Bxe4 Nxg5 32. Bg6 Rxe1+ 33. Rxe1 Nf8 34. Re8 Qd7 35. Qf4 Nh7 36. Qe4 Nf6 37. Qe6+ Qxe6 38. dxe6 Nxg4 39. e7 Nf6 40. exf8=Q+ Bxf8 41. Rb8 Kg7 42. Bf5 Kh6 43. Rxb7 Kg5 44. Be6 Bh6 45. Ra7 Kf4 46. Rxa6 Ke5 47. Bd5 Ne4 48. Bxe4 Kxe4 49. Ke2 Kd4 50. Rxd6+ Kc3 51. Rxh6 1-0


[Site "https://www.chess.com"]

[Event "Titled Tuesday Blitz June 14 Late 2022"]
[White "Przybylski, Wojciech"]
[Black "Yuan, Qingyu"]
[WhiteFideId "1117599"]
[BlackFideId "8609772"]
[WhiteElo "2133"]
[BlackElo "2359"]
[Result "0-1"]
[Round "10"]
[TimeControl "180+1"]
[Date "2022.06.14"]
[WhiteClock "0:00:01"]
[BlackClock "0:00:04"]

1. d4 d5 2. g3 Nf6 3. Bg2 e6 4. Nf3 c5 5. O-O Nc6 6. e3 Be7 7. Nbd2 O-O 8. b3 cxd4 9. exd4 b5 10. c4 bxc4 11. bxc4 Ba6 12. Qa4 Qc8 13. Rd1 Rb8 14. a3 dxc4 15. Nxc4 Nd5 16. Bd2 Nxd4 17. Nxd4 Qxc4 18. Qxc4 Bxc4 19. Nc6 Rb7 20. Bxd5 Bxd5 21. Nxe7+ Rxe7 22. Bb4 Ree8 23. Rac1 Rb8 24. Bxf8 Kxf8 25. Rc7 a6 26. Ra7 Rb6 27. Rc1 g5 28. h3 h5 29. g4 h4 30. Rac7 Rb3 31. R7c3 Rb2 32. f3 Kg7 33. R1c2 Rb1+ 34. Kg2 Kf6 35. Rf2 Ke5 36. Rc5 Kd4 37. Ra5 Rb6 38. Ra4+ Ke3 39. Rb4 Rc6 40. Rbb2 Rc3 41. a4 Ra3 42. Rb4 f6 43. Rf1 Ra2+ 44. Kg1 a5 45. Rb5 Rxa4 46. Rb2 Kf4 47. Kg2 Ra3 48. Rbf2 a4 49. Rd1 Rb3 50. Rd4+ Ke3 51. Rxa4 Rd3 52. Ra5 Rc3 53. Ra6 Kf4 54. Ra4+ Ke3 55. Rb4 Ra3 56. Rbb2 Kf4 57. Rbd2 Ra4 58. Rc2 Rb4 59. Rb2 Ra4 60. Rbd2 Ke5 61. Rd3 Rb4 62. Re2+ Kf4 63. Rde3 Ra4 64. Kf2 f5 65. gxf5 exf5 66. Rc3 Rd4 67. Rb2 Ra4 68. Rd2 Bb7 69. Rcd3 Ke5 70. Re3+ Kf4 71. Rb3 Bc6 72. Rc3 Bb7 73. Rb2 Bd5 74. Rd3 Bc6 75. Rbd2 Ke5 76. Rd6 Bb7 77. Rd7 Bc6 78. Rd8 Kf4 79. R8d4+ Rxd4 80. Rxd4+ Ke5 81. Rc4 Bd5 82. Rb4 Be6 83. Rb6 Bd5 84. Ra6 Bb7 85. Rg6 Kf4 86. Rb6 Bxf3 87. Rb4+ Be4 88. Ra4 g4 89. hxg4 fxg4 90. Ra2 g3+ 91. Kg1 Kg4 92. Rb2 Bf3 93. Ra2 h3 94. Ra4+ Kg5 95. Ra2 Kf4 96. Rb2 Ke3 97. Rb3+ Kf4 98. Rb4+ Be4 99. Rb2 Ke3 100. Ra2 Bd3 101. Rb2 Kf3 102. Rd2 Ke4 103. Ra2 Ke3 104. Rb2 Be2 105. Rb3+ Kf4 106. Rb4+ Kf5 107. Rb2 h2+ 108. Kg2 Bf3+ 109. Kxf3 h1=Q+ 110. Kxg3 Qe1+ 111. Rf2+ Ke4 112. Kg2 Ke3 113. Rf3+ Ke2 114. Rf4 Qa5 115. Re4+ Kd3 116. Rg4 Ke3 117. Rg3+ Ke2 118. Rg4 Qh5 119. Rg3 Qd5+ 120. Kh2 Qe5 121. Kg2 Qh5 0-1


[Site "https://www.chess.com"]

[Event "Titled Tuesday Blitz June 14 Late 2022"]
[White "Riehle, Marco"]
[Black "Guz, Ari"]
[WhiteFideId "12904392"]
[BlackFideId "2825759"]
[WhiteElo "2462"]
[BlackElo "1913"]
[Result "1-0"]
[Round "10"]
[TimeControl "180+1"]
[Date "2022.06.14"]
[WhiteClock "0:00:40"]
[BlackClock "0:00:08"]

1. e4 c5 2. a3 e6 3. b4 d5 4. exd5 Qxd5 5. Nf3 Nf6 6. c4 Qd8 7. bxc5 Bxc5 8. d4 Be7 9. Bd3 O-O 10. O-O b6 11. Bg5 Bb7 12. Nbd2 Nbd7 13. Re1 Re8 14. h3 Nf8 15. Ne5 Qxd4 16. Ndf3 Qd8 17. Qe2 Qc7 18. Rad1 Rad8 19. Bf4 Qc8 20. Ng5 Ng6 21. Nexf7 Nxf4 22. Qc2 Rxd3 23. Rxd3 Nxd3 24. Qxd3 Bc5 25. Ne5 Rf8 26. Ng4 g6 27. Nh6+ Kg7 28. Nxe6+ Kh8 29. Qc3 Qc6 30. Qg3 Re8 31. Nf7+ Kg8 32. Nh6+ Kh8 33. Nf7+ Kg8 34. Nfd8 Qd6 35. Qc3 Rxd8 36. Qxf6 Qe7 37. Qxe7 Bxe7 38. Nxd8 Bxd8 39. Re8+ Kf7 40. Rxd8 Bc6 41. Rc8 Bd7 42. Rc7 1-0


[Site "https://www.chess.com"]

[Event "Titled Tuesday Blitz June 14 Late 2022"]
[White "Rios Escobar, Adan"]
[Black "Mammadova, Gulnar"]
[WhiteFideId "3403645"]
[BlackFideId "13403508"]
[WhiteElo "2450"]
[BlackElo "2255"]
[Result "1/2-1/2"]
[Round "10"]
[TimeControl "180+1"]
[Date "2022.06.14"]
[WhiteClock "0:00:04"]
[BlackClock "0:00:36"]

1. d4 g6 2. g3 Bg7 3. Bg2 d6 4. a4 Nd7 5. e4 e5 6. Ne2 Ne7 7. h3 O-O 8. Nbc3 f5 9. dxe5 Nxe5 10. Bg5 h6 11. Be3 fxe4 12. Nxe4 Nf3+ 13. Bxf3 Rxf3 14. Nd4 Rf8 15. Qd2 Nf5 16. O-O-O d5 17. Nxf5 Bxf5 18. Nc5 b6 19. Nd3 Qf6 20. Bxh6 Bxd3 21. Bxg7 Kxg7 22. Qxd3 Qxf2 23. Qxd5 Rae8 24. Qd4+ Qxd4 25. Rxd4 Rf7 26. Rhd1 Ree7 27. R4d3 c5 28. b3 Kh6 29. R1d2 Re1+ 30. Rd1 Re2 31. R1d2 Re1+ 32. Kb2 Ree7 33. Rd6 Rf3 34. R6d3 Ree3 35. Rxe3 Rxe3 36. Rg2 Kg5 37. Kc1 c4 38. Kd2 Rf3 39. bxc4 Ra3 40. Rg1 Rxa4 41. Kd3 Ra3+ 42. c3 Ra2 43. Re1 Rh2 44. h4+ Kf6 45. Re4 a5 46. c5 bxc5 47. Kc4 a4 48. Kxc5 a3 49. Ra4 a2 50. c4 Ke5 51. Kc6 Kd4 52. c5+ Kc3 53. Kd7 Rd2+ 54. Ke6 Kb3 55. Ra7 Rd4 56. Rxa2 Kxa2 57. c6 Rc4 58. Kd7 Rd4+ 59. Ke7 Rc4 60. Kd7 Kb3 61. c7 Rd4+ 62. Ke7 Re4+ 63. Kf6 Rc4 64. Kxg6 Rxc7 65. h5 Kc4 66. h6 Kd5 67. h7 Rc8 68. Kg7 Rc7+ 69. Kg8 Rc8+ 70. Kg7 Rc7+ 71. Kg8 Rc8+ 72. Kg7 1/2-1/2


[Site "https://www.chess.com"]

[Event "Titled Tuesday Blitz June 14 Late 2022"]
[White "Romero Ruscalleda, Josep"]
[Black "Sailer, Mike"]
[WhiteFideId "2231859"]
[BlackFideId "2012901"]
[WhiteElo "2354"]
[BlackElo "2109"]
[Result "1-0"]
[Round "10"]
[TimeControl "180+1"]
[Date "2022.06.15"]
[WhiteClock "0:00:10"]
[BlackClock "0:00:02"]

1. e4 d5 2. exd5 Qxd5 3. Nc3 Qd6 4. Nf3 Nf6 5. Bc4 c6 6. O-O Bg4 7. h3 Bh5 8. Qe2 e6 9. Re1 Be7 10. a4 a5 11. d3 O-O 12. Be3 Nbd7 13. g4 Bg6 14. Bg5 Nb6 15. Bb3 Nbd5 16. Ne4 Nxe4 17. Bxe7 Nxe7 18. dxe4 h6 19. Qe3 Rfd8 20. c3 Qc7 21. Nh4 Bh7 22. f4 Rd7 23. f5 exf5 24. exf5 Kf8 25. Rad1 Rad8 26. Rxd7 Qxd7 27. Qe5 Nd5 28. Bxd5 cxd5 29. Nf3 f6 30. Qd4 Bg8 31. Nh4 Bf7 32. Kg2 Kg8 33. Qc5 Re8 34. Rxe8+ Qxe8 35. Kf2 Qe4 36. Qc8+ Kh7 37. Qxb7 Qf4+ 38. Nf3 d4 39. cxd4 Qc1 40. Qxf7 Qxb2+ 41. Kg3 Qc3 42. Qg6+ Kg8 43. Qe8+ Kh7 44. d5 Qb4 45. Qg6+ Kh8 46. Qe8+ Kh7 47. Qc6 Qe4 48. Qc5 h5 49. d6 1-0


[Site "https://www.chess.com"]

[Event "Titled Tuesday Blitz June 14 Late 2022"]
[White "Rosen, Eric"]
[Black "Bringas Gomez, Artai"]
[WhiteFideId "2032562"]
[BlackFideId "24534064"]
[WhiteElo "2362"]
[BlackElo "1988"]
[Result "0-1"]
[Round "10"]
[TimeControl "180+1"]
[Date "2022.06.14"]
[WhiteClock "0:00:01"]
[BlackClock "0:00:28"]

1. d4 Nf6 2. Bf4 g6 3. Nc3 c5 4. dxc5 Bg7 5. e4 O-O 6. f3 Qa5 7. Qd2 Na6 8. a3 Qxc5 9. Bh6 d6 10. h4 Bxh6 11. Qxh6 Nh5 12. Nh3 Qe5 13. Ng5 Qg7 14. Qxg7+ Kxg7 15. Bxa6 bxa6 16. O-O-O Bb7 17. Rd4 Rac8 18. Re1 Nf4 19. Rb4 Ba8 20. g3 Ne6 21. Nh3 Rc5 22. Nf2 a5 23. Ra4 Bc6 24. Nd3 Bxa4 25. Nxc5 Nxc5 26. b4 axb4 27. axb4 Na6 28. Nxa4 Nxb4 29. Kd2 Rc8 30. c3 Na6 31. Rb1 Rc7 32. Rb5 h5 33. Ra5 Nb8 34. Nb2 Nc6 35. Ra4 Ne5 36. f4 Ng4 37. Nd3 f5 38. exf5 gxf5 39. Ra5 Kf6 40. Nb4 e6 41. Ra6 Nf2 42. Ke3 Ne4 43. Kd4 Nxc3 44. Kd3 Ne4 45. Ke2 Nxg3+ 0-1


[Site "https://www.chess.com"]

[Event "Titled Tuesday Blitz June 14 Late 2022"]
[White "Sanal, Vahap"]
[Black "Sargsyan, Anna M."]
[WhiteFideId "6300545"]
[BlackFideId "13308130"]
[WhiteElo "2574"]
[BlackElo "2271"]
[Result "1-0"]
[Round "10"]
[TimeControl "180+1"]
[Date "2022.06.14"]
[WhiteClock "0:00:57"]
[BlackClock "0:00:01"]

1. f4 e5 2. d3 exf4 3. Bxf4 d5 4. e4 dxe4 5. Nc3 exd3 6. Nf3 Nf6 7. Bxd3 Bc5 8. Qe2+ Be6 9. O-O-O Qe7 10. Ng5 Nc6 11. Nxe6 fxe6 12. Bc4 Nd4 13. Qe5 O-O-O 14. Rhe1 Ng4 15. Qh5 Nf6 16. Qg5 h6 17. Qg6 a6 18. Be5 b5 19. Bxd4 Rxd4 20. Rxd4 Bxd4 21. Rxe6 Qd7 22. Rxa6 bxc4 23. Ra8+ Kb7 24. Rxh8 Be3+ 25. Kb1 Qd2 26. a3 Bd4 27. Qg3 Nd7 28. Qf3+ c6 29. Ne4 Qe1+ 30. Ka2 Ne5 31. Qf8 Qxe4 32. Qe7+ Kb6 33. Rb8+ Ka6 34. Qb7+ Ka5 35. Ra8+ 1-0


[Site "https://www.chess.com"]

[Event "Titled Tuesday Blitz June 14 Late 2022"]
[White "Sarana, Alexey"]
[Black "Kozak, Adam"]
[WhiteFideId "24133795"]
[BlackFideId "753246"]
[WhiteElo "2666"]
[BlackElo "2459"]
[Result "1/2-1/2"]
[Round "10"]
[TimeControl "180+1"]
[Date "2022.06.14"]
[WhiteClock "0:00:04"]
[BlackClock "0:00:11"]

1. d4 Nf6 2. c4 e6 3. Nc3 d5 4. cxd5 exd5 5. Bg5 c6 6. e3 Be7 7. Bd3 Nbd7 8. h3 Nb6 9. Qc2 Nh5 10. Bxe7 Qxe7 11. Nge2 g6 12. O-O-O Be6 13. Kb1 O-O-O 14. Na4 Kb8 15. Nc5 Ng7 16. Ng3 h5 17. h4 Bc8 18. Ka1 Nd7 19. Na4 Nb6 20. Nc5 Nd7 21. Nb3 Nb6 22. Rc1 Ne6 23. Ne2 Ng7 24. Ng3 Ne6 25. Na5 Qb4 26. Qc3 Qxc3 27. bxc3 Ng7 28. Rb1 Ka8 29. Rb4 Ne8 30. e4 dxe4 31. Nxe4 Bf5 32. Nc5 Bxd3 33. Nxd3 Nd6 34. Re1 Rhe8 35. Rbb1 Ne4 36. Kb2 Na4+ 37. Kc2 Nexc3 38. Rxe8 Rxe8 39. Rxb7 Nb5 40. Rxf7 Nxd4+ 41. Kd2 Re2+ 42. Kc1 Kb8 43. Nb4 c5 44. Nbc6+ Nxc6 45. Nxc6+ Kc8 46. Nxa7+ Kd8 47. Nc6+ Ke8 48. Rf3 Rxa2 49. Ne5 Ke7 50. Nxg6+ Kd6 51. Nf4 c4 52. Nxh5 Kc5 53. Ng3 Kb4 54. Ne4 c3 55. Rf8 Kc4 56. Nxc3 Kxc3 57. Rf3+ Kc4 58. h5 Nc3 59. Rf8 Kd3 60. Rd8+ Kc4 61. h6 Ra7 62. g4 Ra1+ 63. Kc2 Ra2+ 64. Kc1 Ra1+ 65. Kb2 Ra2+ 66. Kc1 Ra1+ 1/2-1/2


[Site "https://www.chess.com"]

[Event "Titled Tuesday Blitz June 14 Late 2022"]
[White "Sarkar, Justin"]
[Black "Murthy, Pappu"]
[WhiteFideId "2010011"]
[BlackFideId "2013401"]
[WhiteElo "2020"]
[BlackElo "2038"]
[Result "1-0"]
[Round "10"]
[TimeControl "180+1"]
[Date "2022.06.15"]
[WhiteClock "0:00:04"]
[BlackClock "0:00:29"]

1. e4 e6 2. d4 d5 3. Nd2 c5 4. Ngf3 cxd4 5. Nxd4 Nc6 6. Bb5 Bd7 7. Nxc6 bxc6 8. Bd3 Bd6 9. Nf3 e5 10. Qe2 Qc7 11. O-O Ne7 12. Nd2 O-O 13. c4 d4 14. Nb3 c5 15. Bd2 a5 16. Nc1 a4 17. Bc2 Ng6 18. Nd3 Rab8 19. f3 f5 20. exf5 Bxf5 21. Bxa4 Bxd3 22. Qxd3 Rxb2 23. Bc2 e4 24. Qxe4 Bxh2+ 25. Kh1 Qg3 26. Be1 Qc7 27. a4 Bd6 28. Qe6+ Kh8 29. Bxg6 hxg6 30. Qxg6 Qe7 31. Qh5+ Kg8 32. Bh4 Qc7 33. Qd5+ Rf7 34. a5 Be7 35. Bf2 Qf4 36. a6 Qh6+ 37. Kg1 Qxa6 38. Rxa6 d3 39. Ra8+ Bf8 40. Be3 d2 41. Qxf7+ Kxf7 42. Ra7+ Kg8 43. Rd7 d1=Q 44. Rdxd1 Rc2 45. Rfe1 Rxc4 46. Rc1 Rb4 47. Bxc5 Bxc5+ 48. Rxc5 Rb2 49. Rc7 Rb6 50. Ree7 Rg6 51. Kf2 Kh7 52. g4 Kh6 53. Kg3 Rxg4+ 54. fxg4 g6 55. Re5 g5 56. Re6# 1-0


[Site "https://www.chess.com"]

[Event "Titled Tuesday Blitz June 14 Late 2022"]
[White "Shirov, Alexei"]
[Black "Hjartarson, Johann"]
[WhiteFideId "2209390"]
[BlackFideId "2300044"]
[WhiteElo "2678"]
[BlackElo "2458"]
[Result "1-0"]
[Round "10"]
[TimeControl "180+1"]
[Date "2022.06.14"]
[WhiteClock "0:00:26"]
[BlackClock "0:00:11"]

1. e4 g6 2. d4 Bg7 3. Nc3 d6 4. f4 Nf6 5. Nf3 O-O 6. e5 dxe5 7. fxe5 Nd5 8. Bc4 Nb6 9. Be2 Nc6 10. O-O h6 11. Be3 Be6 12. Qd2 Kh7 13. Rad1 Nc4 14. Bxc4 Bxc4 15. Rfe1 e6 16. Bf2 Bd5 17. Ne4 g5 18. Qd3 Kg8 19. c4 Bxe4 20. Qxe4 Ne7 21. h4 Nf5 22. hxg5 hxg5 23. g4 Nh4 24. Bxh4 gxh4 25. Kg2 c6 26. g5 Qa5 27. Rh1 Qxa2 28. Rxh4 Rfe8 29. g6 Qxb2+ 30. Rd2 Qc1 31. Rf2 f5 32. exf6 Bxf6 33. Rh7 Rad8 34. g7 Bxg7 35. Qg6 Re7 36. Ng5 Qxc4 37. Rh8+ 1-0


[Site "https://www.chess.com"]

[Event "Titled Tuesday Blitz June 14 Late 2022"]
[White "Silvestre, Christian"]
[Black "Malka, Samuel"]
[WhiteFideId "30956269"]
[BlackFideId "20643675"]
[WhiteElo "2326"]
[BlackElo "2471"]
[Result "1-0"]
[Round "10"]
[TimeControl "180+1"]
[Date "2022.06.15"]
[WhiteClock "0:00:18"]
[BlackClock "0:00:09"]

1. e4 c5 2. Nf3 d6 3. d4 cxd4 4. Nxd4 Nf6 5. Nc3 g6 6. Be3 Bg7 7. f3 O-O 8. Qd2 Nc6 9. O-O-O d5 10. exd5 Nxd5 11. Nxc6 bxc6 12. Bd4 Bxd4 13. Qxd4 Qb6 14. Nxd5 cxd5 15. Qxb6 axb6 16. a3 Bb7 17. Kb1 e5 18. c4 d4 19. Bd3 f5 20. Rhe1 Rfe8 21. Rd2 Re7 22. Rde2 Rae8 23. Bc2 Kf7 24. Ba4 e4 25. Bxe8+ Kxe8 26. fxe4 fxe4 27. b4 e3 28. Kb2 Be4 29. Rd1 Rd7 30. c5 bxc5 31. bxc5 Kd8 32. Kb3 Bd5+ 33. Kc2 Bc4 34. Ree1 Kc7 35. a4 Kc6 36. a5 Kxc5 37. Rxe3 Bd5 38. Rg3 Ra7 39. Ra1 Be4+ 40. Kd2 Ra6 41. Rg5+ Kc4 42. Ra4+ Kb3 43. Rxd4 Bf5 44. Rd5 Kc4 45. Rdxf5 gxf5 46. Rxf5 Kd4 47. Rh5 h6 48. Ke2 Ke4 49. Kf2 Kf4 50. g3+ Kg4 51. Rh4+ Kg5 52. Ra4 Kf5 53. Kg2 Kg5 54. Kh3 Kh5 55. Kg2 Kg5 56. h4+ Kf5 57. g4+ Ke5 58. Kf3 Ke6 59. Ke4 Kf6 60. Kd4 Ke6 61. Kc5 Kd7 62. Kb5 Ra8 63. a6 Kc7 64. a7 Kb7 65. Kc5 Rc8+ 66. Kd5 Ka8 67. Ke5 Rf8 68. g5 hxg5 69. hxg5 Rf1 70. g6 Rf2 71. Rf4 Rg2 72. Kf6 Kxa7 73. g7 Kb6 74. Kf7 Kc7 75. g8=Q Rxg8 76. Kxg8 1-0


[Site "https://www.chess.com"]

[Event "Titled Tuesday Blitz June 14 Late 2022"]
[White "Souleidis, Georgios"]
[Black "Toncheva, Nadya"]
[WhiteFideId "4206827"]
[BlackFideId "2924056"]
[WhiteElo "2401"]
[BlackElo "1888"]
[Result "0-1"]
[Round "10"]
[TimeControl "180+1"]
[Date "2022.06.15"]
[WhiteClock "0:00:08"]
[BlackClock "0:00:03"]

1. e4 c5 2. Be2 g6 3. d3 Bg7 4. f4 Nc6 5. Nf3 e6 6. O-O Nge7 7. c3 d5 8. Na3 Rb8 9. Nc2 b5 10. a3 O-O 11. e5 d4 12. cxd4 cxd4 13. b4 Qb6 14. Bb2 Rd8 15. Ng5 Bb7 16. Ne4 Nxe5 17. Nc5 N5c6 18. Bf3 Nd5 19. g3 a5 20. Nxb7 Rxb7 21. Qd2 Ra7 22. h4 axb4 23. Nxb4 Ncxb4 24. axb4 Ra4 25. h5 Bf8 26. hxg6 hxg6 27. Qf2 Ne3 28. Rfb1 Rxb4 29. Bc1 Rxb1 30. Rxb1 b4 31. g4 Bd6 32. Be2 Qc5 33. f5 exf5 34. gxf5 Nxf5 35. Bg5 Re8 36. Bf6 Qc2 37. Re1 Bg3 38. Qg2 Bxe1 39. Qh3 Ng7 40. Qh6 Bf2+ 41. Kg2 Qc6+ 42. Kf1 Qxf6 0-1


[Site "https://www.chess.com"]

[Event "Titled Tuesday Blitz June 14 Late 2022"]
[White "Terry, Renato"]
[Black "Babazada, Khazar"]
[WhiteFideId "3803457"]
[BlackFideId "13413554"]
[WhiteElo "2577"]
[BlackElo "2406"]
[Result "0-1"]
[Round "10"]
[TimeControl "180+1"]
[Date "2022.06.14"]
[WhiteClock "0:00:01"]
[BlackClock "0:00:26"]

1. d4 g6 2. e4 c6 3. c4 Bg7 4. Nc3 d6 5. h3 Nf6 6. Nf3 O-O 7. Be2 Nbd7 8. O-O e5 9. dxe5 dxe5 10. Be3 Nh5 11. c5 Nf4 12. Bc4 Qe7 13. b4 a5 14. a3 g5 15. Na4 g4 16. hxg4 Nf6 17. g5 Nxe4 18. Nb6 Nxg5 19. Bxf4 exf4 20. Re1 Nxf3+ 21. Qxf3 Qg5 22. Nxc8 Bxa1 23. Nd6 Be5 24. Nxb7 axb4 25. axb4 Rfe8 26. Na5 Bd4 27. Rd1 Rad8 28. Nxc6 Bxf2+ 29. Kxf2 Qh4+ 30. Kf1 Rxd1+ 31. Qxd1 Qh1+ 32. Kf2 Qxd1 33. Bf1 Qe1+ 34. Kf3 Qg3# 0-1


[Site "https://www.chess.com"]

[Event "Titled Tuesday Blitz June 14 Late 2022"]
[White "Tica, Sven"]
[Black "Mekhitarian, Krikor Sevag"]
[WhiteFideId "14526948"]
[BlackFideId "2107660"]
[WhiteElo "2346"]
[BlackElo "2611"]
[Result "0-1"]
[Round "10"]
[TimeControl "180+1"]
[Date "2022.06.14"]
[WhiteClock "0:01:55"]
[BlackClock "0:01:49"]

1. d4 d5 2. Nc3 Bf5 3. Bf4 e6 4. e3 Bd6 5. Bxd6 Qxd6 6. g4 Bg6 7. h4 h5 8. Bd3 Bxd3 9. Qxd3 hxg4 10. O-O-O Nf6 11. Nge2 Nbd7 12. Nf4 c6 13. Rdg1 O-O-O 14. a3 Kb8 15. f3 e5 16. dxe5 Nxe5 17. Qf5 Nxf3 18. Rxg4 Nxg4 19. Qxg4 Ne5 20. Qf5 g6 21. Qg5 Rde8 22. Nce2 Nc4 0-1


[Site "https://www.chess.com"]

[Event "Titled Tuesday Blitz June 14 Late 2022"]
[White "Titichoca Daza, Daniel"]
[Black "Mikhailov, Viacheslav"]
[WhiteFideId "3309550"]
[BlackFideId "4187369"]
[WhiteElo "1912"]
[BlackElo "2381"]
[Result "0-1"]
[Round "10"]
[TimeControl "180+1"]
[Date "2022.06.14"]
[WhiteClock "0:00:02"]
[BlackClock "0:00:40"]

1. e4 d6 2. d4 Nf6 3. Nc3 g6 4. Bg5 Bg7 5. e5 Nfd7 6. f4 O-O 7. Bc4 Nb6 8. Bb3 Nc6 9. Ne4 a5 10. c3 a4 11. Bc2 a3 12. b3 f6 13. exf6 exf6 14. Bh4 Re8 15. Ne2 Bg4 16. Bd3 d5 17. Nf2 Bxe2 18. Bxe2 Qe7 19. Rc1 Bh6 20. Bg3 Nc8 21. Rc2 Nd6 22. O-O Nf5 23. Ng4 Bg7 24. Bf3 h5 25. Bxd5+ Kh7 26. Re1 Qd6 27. Rxe8 Rxe8 28. Bf7 Re7 29. Bxg6+ Kxg6 30. Nf2 Qe6 31. Nd3 Ne3 32. f5+ Qxf5 33. Rf2 Nxd1 0-1


[Site "https://www.chess.com"]

[Event "Titled Tuesday Blitz June 14 Late 2022"]
[White "Wartiovaara, Oliver"]
[Black "Janaszak, Dawid"]
[WhiteFideId "513024"]
[BlackFideId "1119206"]
[WhiteElo "1971"]
[BlackElo "2199"]
[Result "0-1"]
[Round "10"]
[TimeControl "180+1"]
[Date "2022.06.15"]
[WhiteClock "0:00:03"]
[BlackClock "0:00:20"]

1. e4 c5 2. Nf3 Nc6 3. Bb5 e5 4. O-O Bd6 5. c3 a6 6. Ba4 b5 7. Bb3 c4 8. Bc2 Nge7 9. d4 cxd3 10. Qxd3 Bc7 11. Rd1 O-O 12. a4 Rb8 13. Bg5 h6 14. Bh4 Qe8 15. axb5 axb5 16. Na3 Ng6 17. Bg3 Na7 18. b4 d6 19. c4 bxc4 20. Nxc4 Nb5 21. Ba4 Bd7 22. Ne3 Ne7 23. Rac1 Rb7 24. Nd5 Nxd5 25. Qxd5 Ra7 26. Bxb5 Bxb5 27. Nh4 Ba4 28. Rf1 Qe6 29. Nf5 Kh7 30. Ne3 Bb6 31. Qxe6 fxe6 32. Nc4 Bc7 33. f4 exf4 34. Bxf4 e5 35. Be3 Rxf1+ 36. Rxf1 Rb7 37. Rb1 Bc2 38. Rb2 Bxe4 39. b5 d5 40. b6 dxc4 41. bxc7 Rxc7 42. Rd2 c3 43. Rd1 c2 44. Rc1 Rd7 45. Kf2 Rd1 46. g3 Bd3 47. h4 Kg6 48. g4 Kf7 49. h5 Ke6 50. Kg3 Kd5 51. g5 Ke4 52. gxh6 Kxe3 53. h7 Bxh7 0-1


[Site "https://www.chess.com"]

[Event "Titled Tuesday Blitz June 14 Late 2022"]
[White "Xiong, Jeffery"]
[Black "Dubov, Daniil"]
[WhiteFideId "2047640"]
[BlackFideId "24126055"]
[WhiteElo "2714"]
[BlackElo "2791"]
[Result "1/2-1/2"]
[Round "10"]
[TimeControl "180+1"]
[Date "2022.06.14"]
[WhiteClock "0:00:02"]
[BlackClock "0:00:07"]

1. d4 Nf6 2. Nf3 e6 3. Bf4 d5 4. e3 c5 5. Nbd2 Qb6 6. Rb1 Bd6 7. dxc5 Qxc5 8. Bd3 O-O 9. O-O Nbd7 10. b4 Qc7 11. Bxd6 Qxd6 12. c4 b6 13. cxd5 Nxd5 14. Qb3 Bb7 15. Nc4 Qe7 16. a3 Rac8 17. Rbc1 Rc7 18. Nd4 a6 19. Nd2 Rfc8 20. Rxc7 Rxc7 21. Qb2 Ne5 22. Be2 Nc3 23. N2f3 Nxe2+ 24. Qxe2 Nc4 25. Qd3 g6 26. Nd2 Nd6 27. Rd1 e5 28. Ne2 Kg7 29. h3 Qe6 30. Nc3 Nf5 31. Nde4 Qc4 32. g4 Nh4 33. Kh2 Qe6 34. Qd6 Qxd6 35. Rxd6 f5 36. gxf5 gxf5 37. Nd2 Rxc3 38. Rd7+ Kg6 39. Rxb7 Rc2 40. Kg3 Rxd2 41. Kxh4 Rd6 42. Ra7 b5 43. Kg3 Rc6 44. Rb7 Rd6 45. Kf3 h6 46. Rc7 Kf6 47. Kg3 Kg6 48. Kh4 Re6 49. Rc5 e4 50. Kg3 Rd6 51. Kf4 Rd2 52. Rc6+ Kh5 53. Kxf5 Rxf2+ 54. Kxe4 Rh2 55. Rxa6 Rxh3 56. Ra5 Kg4 57. Rxb5 h5 58. Rb8 Rh1 59. Rg8+ Kh3 60. b5 Rb1 61. Rg5 h4 62. Kf3 Kh2 63. a4 h3 64. a5 Kh1 65. a6 h2 66. a7 Rf1+ 67. Ke4 Rf4+ 68. Ke5 Re4+ 69. Kf6 Re6+ 70. Kf5 Re5+ 71. Kg6 Re6+ 72. Kh7 Rh6+ 73. Kg7 Rg6+ 74. Kf7 Rf6+ 75. Ke7 Re6+ 76. Kd7 Rd6+ 77. Kc7 Rc6+ 78. Kd8 Rd6+ 79. Ke7 Re6+ 80. Kf7 Rf6+ 81. Ke8 Re6+ 82. Kd8 Rd6+ 83. Kc7 Rc6+ 84. Kb7 Rb6+ 85. Kxb6 1/2-1/2


[Site "https://www.chess.com"]

[Event "Titled Tuesday Blitz June 14 Late 2022"]
[White "Yaksin, Oleg"]
[Black "Postnikov, Daniil"]
[WhiteFideId "24105880"]
[BlackFideId "4166329"]
[WhiteElo "2256"]
[BlackElo "2261"]
[Result "1-0"]
[Round "10"]
[TimeControl "180+1"]
[Date "2022.06.14"]
[WhiteClock "0:02:20"]
[BlackClock "0:01:59"]

1. d4 Nf6 2. c4 c5 3. d5 b5 4. cxb5 a6 5. bxa6 g6 6. Nc3 Bg7 7. g3 O-O 8. Bg2 d6 9. Nf3 Nbd7 10. O-O Nb6 11. Re1 Bxa6 12. Qc2 Nfd7 13. Nd2 Ne5 14. b3 g5 15. Bb2 h6 16. Rad1 f5 17. Nf3 f4 18. Nxe5 Bxe5 19. Qg6+ Bg7 20. Ne4 Rf7 21. Bh3 Bc8 22. Be6 Bxe6 23. dxe6 Rf6 1-0


[Site "https://www.chess.com"]

[Event "Titled Tuesday Blitz June 14 Late 2022"]
[White "Yoo, Christopher Woojin"]
[Black "Kosteniuk, Alexandra"]
[WhiteFideId "30909694"]
[BlackFideId "4128125"]
[WhiteElo "2105"]
[BlackElo "2469"]
[Result "1-0"]
[Round "10"]
[TimeControl "180+1"]
[Date "2022.06.14"]
[WhiteClock "0:00:48"]
[BlackClock "0:00:13"]

1. e4 c6 2. d4 d5 3. exd5 cxd5 4. c4 Nf6 5. Nc3 Nc6 6. Nf3 a6 7. cxd5 Nxd5 8. Qb3 e6 9. Be2 Be7 10. O-O O-O 11. Rd1 h6 12. Bd3 Na5 13. Qc2 b5 14. Nxd5 exd5 15. Bf4 Nc4 16. b3 Nd6 17. Ne5 Bb7 18. Nc6 Bxc6 19. Qxc6 Ne8 20. Rac1 Nf6 21. Bf5 Ba3 22. Rc3 Qe8 23. Qb6 Qe2 24. Rf1 Qh5 25. Bb1 Ne4 26. Bxe4 dxe4 27. Rg3 f6 28. Qb7 Qf7 29. Qxe4 Rae8 30. Qd3 Kh8 31. Rg6 f5 32. Rxa6 Qd5 33. Rxa3 1-0


[Site "https://www.chess.com"]

[Event "Titled Tuesday Blitz June 14 Late 2022"]
[White "Yurovskykh, Oleksandr"]
[Black "Flynn, Jacob"]
[WhiteFideId "14134020"]
[BlackFideId "2509393"]
[WhiteElo "2292"]
[BlackElo "1896"]
[Result "1-0"]
[Round "10"]
[TimeControl "180+1"]
[Date "2022.06.15"]
[WhiteClock "0:00:11"]
[BlackClock "0:00:01"]

1. d4 Nf6 2. c4 e6 3. Nc3 Bb4 4. e3 O-O 5. Ne2 c6 6. a3 Ba5 7. c5 d5 8. cxd6 Qxd6 9. b4 Bc7 10. g3 Nbd7 11. Bg2 e5 12. O-O exd4 13. Nxd4 Ne5 14. Qc2 Bg4 15. Bb2 Bh5 16. Ncb5 Qd7 17. Nxc7 Qxc7 18. Qc3 Rfe8 19. Rac1 a6 20. e4 Rad8 21. h3 Bg6 22. f4 Ned7 23. e5 Ne4 24. Qe3 f5 25. Bxe4 fxe4 26. f5 Bh5 27. g4 Nxe5 28. Ne6 Rxe6 29. fxe6 Rd3 30. Qf4 Nf3+ 31. Rxf3 Qb6+ 32. Rc5 Rxf3 33. Qxe4 Rf8 34. Qe5 Qc7 35. Qxc7 1-0


[Site "https://www.chess.com"]